 Dungeon Crawl Stone Soup version 0.27.0-1-g7a089689b8 (webtiles) character file.

Game seed: 294176340903882064

584 freelancePsychic the Skirmisher (level 7, 0/57 HPs)
             Began as a Demonspawn Fighter on Aug 7, 2021.
             Killed from afar by Ijyb (13 damage)
             ... with a bolt of acid
             ... on level 3 of the Dungeon.
             The game lasted 00:06:29 (3674 turns).

freelancePsychic the Skirmisher (DsFi)              Turns: 3674, Time: 00:06:30

Health: 0/57       AC:  6    Str: 19    XL:     7   Next: 14%
Magic:  7/7        EV: 10    Int:  9    God:
Gold:   153        SH:  0    Dex: 12    Spells: 6/6 levels left

rFire    + . .     SeeInvis .   n - +4 short sword
rCold    . . .     Faith    .   (no shield)
rNeg     . . .     Spirit   .   j - +2 ring mail {rF+}
rPois    .         Reflect  .   (no helmet)
rElec    .         Harm     .   (no cloak)
rCorr    .         Rampage  .   (no gloves)
Will     .....                  (no boots)
Stlth    +.........             (no amulet)
HPRegen  0.19/turn              (no ring)
MPRegen  0.10/turn              (no ring)

@: about to teleport, corroded
A: hooves 1, slimy green scales 2, demonic guardian 1
a: no special abilities


You were on level 3 of the Dungeon.
You visited 1 branch of the dungeon, and saw 4 of its levels.

You collected 153 gold pieces.

Inventory:

Hand Weapons
 a - a +0 rapier
 n - a +4 short sword (weapon)
Missiles
 i - 15 poisoned darts (quivered)
Armour
 b - a +0 scale mail
 c - a +0 kite shield
 j - a +2 ring mail of fire resistance (worn)
Scrolls
 f - a scroll of acquirement
 h - a scroll of identify {@r1}
 m - a scroll of enchant weapon
 o - a scroll of immolation {unknown}
Potions
 e - a potion of haste {@q3}
 g - 2 potions of curing {@q1}
 k - a potion of flight {unknown}
 l - a potion of lignification {unknown}


   Skills:
 + Level 5.9 Fighting
 + Level 5.5 Short Blades
 - Level 2.6 Armour
 - Level 2.6 Shields


You had 6 spell levels left.
You didn't know any spells.
Your spell library contained the following spells:

 Spells                   Type           Power      Damage    Failure   Level
 Conjure Flame            Conj/Fire      0%         6-21      90%         3
 Ignite Poison            Fire/Tmut/Pois 0%         N/A       90%         3
 Sticky Flame             Conj/Fire      0%         2d3       100%        4


Dungeon Overview and Level Annotations

Branches:
Dungeon (4/15)
 Temple: D:4-7

Altars:
Xom

Annotations:
D:3 Ijyb
D:4 1 runed translucent door, Kalaber's ghost, amateur TrBe


Innate Abilities, Weirdness & Mutations

You have large cloven feet.
You are mostly covered in slimy green scales. (AC +3)
A weak demonic guardian rushes to your aid.


Message History

The gnoll is moderately wounded.
The gnoll shouts!
You closely miss the gnoll. You kick the gnoll.
The gnoll is severely wounded.
The gnoll completely misses you.
You closely miss the gnoll. You kick the gnoll, but do no damage.
The gnoll is severely wounded.
The gnoll hits you with a +0 whip.
A gnoll comes into view. It is wielding a +0 spear.
The gnoll shouts!
You hear a shout!
There is an escape hatch in the ceiling here.
The gnoll hits you with a +0 whip. A mysterious force pulls you upwards.
The hatch slams shut behind you.
Level annotation: Ijyb You hit the gnoll.
Your kick misses the gnoll.
The gnoll is almost dead.
The gnoll barely misses you.
You hit the gnoll.
You kill the gnoll!
You start resting.
Ijyb is nearby!
You aren't carrying any items that you can evoke.
As you read the scroll labelled IFEIFIAL WENLE, it crumbles to dust.
It is a scroll of enchant weapon.
Your +3 short sword glows red for a moment.
Ijyb shouts!
As you read the scroll labelled AZEBOS DASAKI, it crumbles to dust.
It is a scroll of identify.
f - a scroll of acquirement
As you read the scroll labelled QEETSU LIXO, it crumbles to dust.
You feel strangely unstable.
It was a scroll of teleportation.
Ijyb zaps a wand.
The bolt of acid hits you!
A demonic guardian appears!
The acid corrodes you!
You are splashed with acid!
* * * LOW HITPOINT WARNING * * *
Your white imp gestures at Ijyb.
The puff of frost hits Ijyb!
Ijyb zaps a wand.
The bolt of acid hits you!
You die...

###########
#.........#
#.........#
#.........#
#....5.@..#
#.........#
#.........#
+......)..#
#...g.....#
#.........#
#.#########
####### #.#
#.....###.########


You could see Ijyb (ally target) and a friendly white imp (summoned).

Vanquished Creatures
  A steam dragon (D:4)
  A phantom (D:4)
  A water moccasin skeleton (D:4)
  A howler monkey (D:4)
  An orc priest (D:4)
  Natasha (D:3)
  Terence (D:3)
  2 orc wizards (D:4)
  A killer bee zombie (D:4)
  Robin (D:3)
  2 gnolls
  3 adders
  An adder skeleton (D:4)
  13 orcs
  4 ball pythons
  5 endoplasms
  2 giant cockroaches
  9 goblins
  11 hobgoblins
  3 jackals (D:3)
  2 quokkas
  A bat (D:1)
  2 frilled lizards
  7 kobolds
  6 rats
82 creatures vanquished.

Vanquished Creatures (collateral kills)
  A bullfrog zombie (D:4)
  An orc (D:4)
  2 hobgoblins
4 creatures vanquished.

Vanquished Creatures (others)
  An adder (D:4)
  A giant cockroach (D:4)
2 creatures vanquished.

Grand Total: 88 creatures vanquished

Notes
Turn   | Place    | Note
-------+----------+-------------------------------------------
     0 | D:1      | freelancePsychic the Demonspawn Fighter began the quest for
                  | the Orb.
     0 | D:1      | Reached XP level 1. HP: 18/18 MP: 1/1
   325 | D:1      | Gained mutation: A weak demonic guardian rushes to your
                  | aid. [demonic ancestry]
   325 | D:1      | Reached XP level 2. HP: 15/24 MP: 2/2
   690 | D:1      | Gained mutation: You have large cloven feet. [demonic
                  | ancestry]
   690 | D:1      | Reached XP level 3. HP: 21/29 MP: 3/3
  1114 | D:1      | Found a faded altar of an unknown god.
  1126 | D:1      | Became a worshipper of The Xom-Meister
  1168 | D:2      | XOM: smoke on damage
  1322 | D:2      | Fell from the grace of Xom
  1961 | D:3      | XOM: 3-stop teleportation journey
  2120 | D:3      | Noticed Natasha
  2126 | D:3      | Killed Natasha
  2127 | D:3      | Gained mutation: You are partially covered in slimy green
                  | scales. (AC +2) [demonic ancestry]
  2127 | D:3      | Reached XP level 4. HP: 30/37 MP: 4/4
  2444 | D:3      | Noticed Terence
  2470 | D:3      | Killed Terence
  2477 | D:3      | Identified the -2 helmet of the Land of Plenty {rN+ Int-4
                  | Dex+2}
  2477 | D:3      | Noticed Robin
  2489 | D:3      | Reached XP level 5. HP: 15/42 MP: 5/5
  2490 | D:3      | Killed Robin
  2715 | D:3      | Noticed Ijyb
  2749 | D:4      | Noticed a steam dragon
  2793 | D:4      | Killed a steam dragon
  2794 | D:4      | Reached XP level 6. HP: 11/50 MP: 6/6
  3066 | D:4      | Reached skill level 5 in Fighting
  3206 | D:4      | Reached skill level 5 in Short Blades
  3364 | D:4      | XOM: cloud trail
  3462 | D:4      | Found a runed translucent door.
  3462 | D:4      | Noticed Kalaber's ghost (amateur TrBe)
  3578 | D:4      | Gained mutation: You are mostly covered in slimy green
                  | scales. (AC +3) [demonic ancestry]
  3578 | D:4      | Reached XP level 7. HP: 50/57 MP: 7/7
  3671 | D:3      | Identified a scroll of acquirement
  3674 | D:3      | Killed from afar by Ijyb

Illustrated notes

Levels and vault maps discovered:
D:1:      giann_bridges, layout_basic, chequers_ecumenical_altar_twisty,
          chequers_hall_statues_wall_a
D:2:      layout_basic
D:3:      layout_basic, mainiacjoe_overflow_alcove_4, interstate_on_off,
          uniq_robin, uniq_crazy_yiuf_cottage, uniq_ijyb, uniq_natasha,
          uniq_terence
D:4:      cheibrodos_helix_gallery, layout_rooms, ebering_ghost_reflecting_pool,
          hangedman_decor_opposing

Skill      XL: |  1  2  3  4  5  6 |
---------------+-------------------+-----
Short Blades   | 2 3 4 5 |  5.5
Fighting       | 4 5 |  5.9
Armour         | |  2.6
Shields        | |  2.6

Action                   |  1- 3 |  4- 6 |  7- 9 || total
-------------------------+-------+-------+-------++-------
Melee: Rapier            |   118 |    16 |       ||   134
       Kick              |    11 |    36 |     8 ||    55
       Short sword       |       |   130 |    35 ||   165
Throw: Dart              |       |     8 |       ||     8
Invok: Renounce Religion |     1 |       |       ||     1
  Use: Potion            |       |     1 |       ||     1
       Scroll            |       |       |     3 ||     3
Armor: Scale mail        |    48 |       |       ||    48
       Ring mail         |     9 |    63 |    19 ||    91
Dodge: Dodged            |    67 |    65 |    30 ||   162
